 Dungeon Sprint DCSS version 0.28-a0-895-g6e5f11bd55 (webtiles) character file.

Game seed: 6222166609829175707

436 Turgor the Cleaver (level 6, -9/64 HPs)
             Began as a Minotaur Berserker on Nov 22, 2021.
             Was a Believer of Trog.
             Mangled by Sonja (13 damage)
             ... in the Dungeon (Sprint I: "Red Sonja").
             The game lasted 00:04:01 (376 turns).

Turgor the Cleaver (Minotaur Berserker)              Turns: 376, Time: 00:04:02

Health: -9/64      AC:  4    Str: 21    XL:     6   Next: 68%
Magic:  5/5        EV: 14    Int:  6    God:    Trog [**....]
Gold:   314        SH:  0    Dex: 10    Spells: 5/5 levels left

rFire   . . .      SeeInvis .   a - +0 hand axe
rCold   . . .      Faith    .   (no shield)
rNeg    . . .      Spirit   .   i - +0 leather armour
rPois   .          Reflect  .   (helmet restricted)
rElec   .          Harm     .   (no cloak)
rCorr   .          Rampage  .   (no gloves)
Will    .....      NoTele   +   (no boots)
Stlth   +.........              (no amulet)
HPRegen 0.20/turn               (no ring)
MPRegen 0.09/turn               (no ring)

@: on berserk cooldown, hasted and slowed
A: horns 2, retaliatory headbutt
a: Renounce Religion, Berserk, Trog's Hand


You were in the Dungeon.
You worshipped Trog.
Trog was pleased with you.
You visited 1 branch You collected 314 gold pieces.

Inventory:

Hand Weapons
 a - a +0 hand axe (weapon)
Armour
 i - a +0 leather armour (worn)
Scrolls
 h - a scroll of blinking
Potions
 f - 2 potions of magic
 g - a potion of berserk rage


   Skills:
 + Level 9.4 Fighting
 + Level 9.4 Axes
 + Level 9.0 Armour
 + Level 8.2 Dodging


You had 5 spell levels left.
You didn't know any spells.
Your spell library was empty.

Dungeon Overview and Level Annotations

Branches:
Dungeon (1/1)

Altars:
Cheibriados
Dithmenos
Elyvilon
Fedhas
Gozag
Hepliaklqana
Kikubaaqudgha
Nemelex Xobeh
Okawaru
Qazlal
Ru
Sif Muna
Trog
Uskayaw
Vehumet
Wu Jian
Yredelemnul
Zin
The Shining One

Shops:
D (

Annotations:
D Sonja


Innate Abilities, Weirdness & Mutations

You have a pair of horns on your head.
You reflexively headbutt those who attack you in melee.


Message History

Sonja hits you with a +2 short sword of distortion.
* * * LOW HITPOINT WARNING * * *
Space warps around you.
* * * LOW HITPOINT WARNING * * *
Unknown command.
You feel much better.
Sonja hits you with a +2 short sword of distortion.
Space warps around you.
Sonja hits you with a +2 short sword of distortion.
* * * LOW HITPOINT WARNING * * *
Space warps around you.
* * * LOW HITPOINT WARNING * * *
Sonja barely misses you.
Sonja casts a spell.
Sonja blinks!
There is an open door here.
You close the door.
Sonja opens the door.
You aren't carrying any items that you can evoke.
You feel yourself speed up.
Sonja throws a curare-tipped dart.
The curare-tipped dart hits you.
You are poisoned.
You have difficulty breathing.
* * * LOW HITPOINT WARNING * * *
You feel as though you will be slow longer.
Unknown command.
Okay, then.
You feel better.
Sonja mumbles some strange words.
Sonja blinks!
Sonja hits you with a +2 short sword of distortion!
* * * LOW HITPOINT WARNING * * *
Space warps around you!
* * * LOW HITPOINT WARNING * * *
Sonja barely misses you. Sonja misses you.
You completely miss Sonja. Your headbutt misses Sonja.
Sonja is moderately wounded.
Sonja gestures wildly while chanting.
Sonja blinks!
Sonja hits you with a +2 short sword of distortion!
You die...

################
#<.#..)..#..'..#
#..'[.#..').#..+
#..#####'#####'#
#..####..#...#=#
#..#__####.@##.#
#..#_____##K#§.+
#⌠⌠#_.∩...'..._#
####_..__##_.#+#
#_____###'#
####### #.# $.$
#$.$# ##.##


You could see Sonja.

Vanquished Creatures
  Sigmund (D)
  A yak (D)
  An ogre (D)
  A jelly (D)
  Ijyb (D)
5 creatures vanquished.

Notes
Turn   | Place    | Note
-------+----------+-------------------------------------------
     0 | D        | Turgor the Minotaur Berserker began the quest for the Orb.
     0 | D        | Reached XP level 1. HP: 19/19 MP: 0/0
     1 | D        | Noticed Ijyb
    12 | D        | Killed Ijyb
    13 | D        | Reached skill level 5 in Fighting
    13 | D        | Reached skill level 5 in Axes
    13 | D        | Reached XP level 2. HP: 24/29 MP: 1/1
   139 | D        | Noticed an ogre
   146 | D        | Killed an ogre
   147 | D        | Reached skill level 5 in Armour
   147 | D        | Reached skill level 5 in Dodging
   147 | D        | Reached XP level 3. HP: 38/38 MP: 2/2
   147 | D        | Reached XP level 4. HP: 45/45 MP: 3/3
   193 | D        | Noticed Sigmund
   197 | D        | Killed Sigmund
   197 | D        | Reached ** piety under Trog
   198 | D        | Reached XP level 5. HP: 53/53 MP: 4/4
   254 | D        | Found an ornate altar of the Wu Jian Council.
   254 | D        | Found a shimmering blue altar of Sif Muna.
   256 | D        | Found a radiant altar of Vehumet.
   260 | D        | Reached XP level 6. HP: 62/62 MP: 5/5
   319 | D        | Found Peenuth's Weapon Emporium.
   319 | D        | Found an ancient bone altar of Kikubaaqudgha.
   319 | D        | Found a hazy altar of Hepliaklqana.
   319 | D        | Found a stormy altar of Qazlal.
   319 | D        | Found a hide-covered altar of Uskayaw.
   319 | D        | Found a blossoming altar of Fedhas.
   319 | D        | Found a bloodstained altar of Trog.
   319 | D        | Found an iron altar of Okawaru.
   319 | D        | Found a basalt altar of Yredelemnul.
   319 | D        | Found a glowing golden altar of the Shining One.
   319 | D        | Found a snail-covered altar of Cheibriados.
   319 | D        | Found a sacrificial altar of Ru.
   319 | D        | Found a glowing silver altar of Zin.
   319 | D        | Found a shadowy altar of Dithmenos.
   319 | D        | Found a white marble altar of Elyvilon.
   319 | D        | Noticed a yak
   324 | D        | Killed a yak
   325 | D        | Found an opulent altar of Gozag.
   326 | D        | Found a sparkling altar of Nemelex Xobeh.
   361 | D        | Noticed Sonja
   373 | D        | HP: 3/64 [Sonja (7)]
   376 | D        | Mangled by Sonja

Illustrated notes

Levels and vault maps discovered:
D:        dungeon_sprint_1 [red_sonja_temple_1, red_sonja_temple_small_1]

Skill      XL: |  1  2  3  4  5  6 |
---------------+-------------------+-----
Fighting       | 5 6 8 9 |  9.4
Axes           | 5 6 8 9 |  9.4
Armour         | 4 5 7 8 9 |  9.0
Dodging        | 3 5 7 8 |  8.2

Action                   |  1- 3 |  4- 6 || total
-------------------------+-------+-------++-------
Melee: Hand axe          |    15 |    10 ||    25
       Headbutt          |       |     3 ||     3
Invok: Berserk           |     2 |     4 ||     6
  Use: Potion            |       |     3 ||     3
Dodge: Dodged            |     4 |    14 ||    18

Table legend: (Time is in decaauts)
 A = Elapsed time spent in this place.
 B = Non-inter-level travel time spent in this place.
 C = Inter-level travel time spent in this place.
 D = Time resting spent in this place.
 E = Time spent auto-exploring this place.
 F = Levels seen in this place.
 G = Mean time per level.
                   A        B        C        D        E       F      G
               +--------+--------+--------+--------+--------+-----+--------+
         Total |    428 |    428 |      0 |    293 |      0 |   1 |  428.0 |
       Dungeon |    428 |    428 |      0 |    293 |      0 |   1 |  428.0 |
               +--------+--------+--------+--------+--------+-----+--------+

Top non-repeatable levels by time:
       D: 428 daAuts
